AoeStats
← ALmotema

Coastal Forest

510283384Analyzed
4v4 RM · 9h ago on Sep 30, 2026· 16m 20s· 8 players
Game mode
Random Map
Map size
Large (8 player)
Population
200
Speed
Normal
Resources
Standard
Victory
Conquest
Starting age
Dark Age
Ending age
Imperial Age
RankedLock teamsTeams togetherTeam positionsShared explorationLock speedFull tech treeHidden civsTurbo modeCheats
Victory
Defeat
🇹🇼 Varangians · Taiwan
1347
+16
🇨🇳 Khitans · China
1329
+16
🇹🇼 Magyars · Taiwan
1287
+18
🇨🇳 Sicilians · China
1244
+20
🇨🇳 Vikings · China
1400
-20
🇨🇳 Spanish · China
1400
-20
🇪🇸 Vietnamese · Spain
1318
-17
🇪🇸 Japanese · Spain
1219
-13
托尼
2:49 Loom
13:08 Feudal Age
13:57 Double-Bit Axe
14:04 Horse Collar
litchi
9:34 Feudal Age
9:03 Loom
10:04 Double-Bit Axe
12:24 Horse Collar
13:55 Fishing Lines
ALmotema
8:08 Loom
10:27 Feudal Age
11:31 Double-Bit Axe
15:33 Castle Age
14:16 Gold Mining
15:30 Fletching
15:35 Stone Mining
蝴蝶
11:10 Feudal Age
12:28 Double-Bit Axe
12:25 Domestication
13:49 Wheelbarrow
13:39 Loom
17:30 Castle Age
Pos3YDoN86
10:53 Feudal Age
9:11 Loom
10:58 Man-at-Arms
11:26 Double-Bit Axe
13:36 Loom
pataka
10:48 Feudal Age
11:47 Double-Bit Axe
13:30 Loom
17:05 Castle Age
16:11 Bloodlines
cavalier
10:27 Feudal Age
10:50 Feudal Age
黑石塔
9:46 Feudal Age
8:05 Loom
11:09 Double-Bit Axe
11:50 Gold Mining
12:12 Horse Collar
14:32 Fletching
Connection lost

Rejoining the realm…

Still unreachable

The connection could not be restored.

Session expired

The server has moved on; the page needs a fresh start.